Map: 莱瑞拉克之冠

Players

shengy - Winner!

  • Race: Zerg Zerg
  • League: Gold

Rolli

  • Race: Zerg Zerg
  • League: Gold

VOD

Have the link to the VOD?

Description

Time

  • Played on: Nov. 27, 2015, 1:46 a.m.
  • Length: 4:00
Show
View Real Time Build Order
Export as new Build Order

shengy Zerg - Winner!

Build Orders: Pool First 

Get SALT Encoding   

  12  0:01  Drone  
  13  0:11  Drone  
  14  0:16  Overlord  
  14  0:35  Drone  
  15  0:36  Drone x2  
  17  0:46  Spawning Pool  
  16  0:50  Drone  
  17  0:57  Extractor, Drone  
  17  1:07  Drone  
  18  1:28  Hatchery  
  17  1:35  Queen  
  17  1:39  Zergling x2  
  20  1:57  Metabolic Boost  
  20  1:59  Drone x2  
  22  2:03  Overlord  
  22  2:29  Queen  
  24  2:31  Overlord  
  24  2:33  Zergling x4  
  26  2:42  Zergling x2  
  27  2:50  Baneling Nest  
  26  2:52  Drone  
  26  2:53  Drone  
  26  2:54  Zergling x6  
  31  3:23  Zergling x14  
  31  3:24  Zergling x2  
  39  3:40  Baneling  
  39  3:41  Baneling x2  
Show
View Real Time Build Order
Export as new Build Order

Rolli Zerg 

Build Orders: Hatch First 

Get SALT Encoding   

  12  0:01  Drone  
  13  0:10  Drone  
  14  0:33  Hatchery  
  13  0:37  Drone  
  14  0:53  Spawning Pool  
  13  0:57  Drone  
  14  1:05  Overlord  
  14  1:12  Drone, Extractor  
  14  1:23  Drone x2  
  16  1:30  Drone  
  17  1:39  Queen  
  19  1:45  Overlord  
  19  1:56  Queen  
  19  2:00  Drone  
  22  2:09  Drone  
  22  2:10  Drone  
  22  2:12  Drone  
  25  2:18  Drone  
  25  2:20  Drone  
  27  2:28  Drone  
  28  2:35  Queen  
  30  2:38  Overlord  
  30  2:43  Drone  
  30  2:44  Drone  
  32  2:46  Zergling x2  
  32  2:49  Zergling x2  
  34  2:52  Drone  
  34  2:53  Drone  
  36  3:05  Drone, Evolution Chamber  
  36  3:09  Evolution Chamber  
  35  3:15  Drone  
  35  3:19  Drone  
  38  3:20  Drone x2  
  38  3:26  Roach Warren  
  38  3:32  Spine Crawler, Drone  
  38  3:38  Spine Crawler  
  37  3:42  Drone x2  
  38  3:50  Spine Crawler  
Tags
 
Add a new tag
Caveats
  • Supply blocks, unpowered buildings, or Contaminate may cause inaccurate times.
  • Supply counts are checked every 10 seconds.